 Dungeon Crawl Stone Soup version 0.22-a0-414-gacd343e (webtiles) character file.

209 grindst0ne the Skirmisher (level 6, 0/51 HPs)
             Began as a Human Artificer on May 13, 2018.
             Was an Initiate of Okawaru.
             Killed by nerve-wracking pain
             ... invoked by an orc priest
              (6 damage)
             ... on level 4 of the Dungeon.
             The game lasted 00:05:32 (3202 turns).

grindst0ne the Skirmisher (Human Artificer)         Turns: 3202, Time: 00:05:33

Health: 0/51       AC:  7    Str: 14    XL:     6   Next: 12%
Magic:  8/8        EV: 11    Int: 12    God:    Okawaru [......]
Gold:   238        SH:  3    Dex: 13    Spells: 5/5 levels left

rFire    . . .     SeeInvis .   q - +0 long sword
rCold    . . .     Gourm    .   (no shield)
rNeg     . . .     Faith    .   k - +1 ring mail
rPois    .         Spirit   .   (no helmet)
rElec    .         Reflect  +   (no cloak)
rCorr    .         Harm     .   h - +0 pair of gloves (curse)
MR       .....                  (no boots)
Stlth    +.........             t - +3 amulet of reflection
HPRegen  0.17/turn              (no ring)
MPRegen  0.11/turn              (no ring)

@: no status effects
A: no striking features
a: Renounce Religion


You were on level 4 of the Dungeon.
You worshipped Okawaru.
Okawaru was noncommittal.
You were not hungry.

You visited 1 branch of the dungeon, and saw 4 of its levels.

You collected 238 gold pieces.

Inventory:

Hand Weapons
 a - a +0 short sword
 l - a +0 hand axe
 q - a +0 long sword (weapon)
Missiles
 i - 10 javelins (quivered)
 o - 6 needles of sleeping
Armour
 b - a +0 leather armour
 h - a cursed +0 pair of gloves (worn)
 k - a +1 ring mail (worn)
Jewellery
 t - a +3 amulet of reflection (around neck)
Wands
 c - a wand of flame (15)
 d - a wand of enslavement (15)
 e - a wand of random effects (15)
Scrolls
 g - 2 scrolls of teleportation
 j - a scroll of enchant armour
 n - a scroll of noise {unknown}
 r - a scroll of enchant weapon {unknown}
 u - a scroll of identify
Potions
 p - 2 potions of curing
 s - 3 potions of brilliance
Comestibles
 f - 5 rations


   Skills:
 + Level 5.6 Fighting
 - Level 1.0 Short Blades
 - Level 2.0 Dodging
 - Level 1.0 Stealth
 - Level 3.0 Evocations


You had 5 spell levels left.
You didn't know any spells.
Your spell library was empty.

Dungeon Overview and Level Annotations

Branches:
Dungeon (4/15)
 Temple: D:4-7

Altars:
Gozag
Makhleb
Okawaru
Xom
Zin

Annotations:
D:2 exclusion: downstairs
D:3 Goblin1989's ghost, amateur DsCK


Message History

The orc priest is almost dead.
The orc priest invokes the aid of Beogh against you.
Beogh smites you!
* * * LOW HITPOINT WARNING * * *
You closely miss the orc priest.
The orc priest is almost dead.
The orc priest barely misses you.
You riposte.
You hit the orc priest but do no damage.
The orc priest is almost dead.
The orc priest calls down the wrath of Beogh upon you.
Pain shoots through your body!
* * * LOW HITPOINT WARNING * * *
You closely miss the orc priest.
The orc priest is almost dead.
The orc priest hits you but does no damage.
You closely miss the orc priest.
The orc priest is almost dead.
The orc priest calls down the wrath of Beogh upon you.
Pain shoots through your body!
You die...

#....>.#...# .
.........## ###....o#
#.....## . #
#o.....##### .. # #.
#o.........##... ###+#
#...(...........
##⌠.⌠####.........<...#
+.@oo.......##...#
##⌠.⌠####.......## ..##
###+# #......## ..# #
#. #[....## ..# #
#.....# ..# ##....# ..#
##..## .## ...


You could see an orc priest and an orc.

Vanquished Creatures
  A bullfrog (D:4)
  4 adders
  4 oozes
  A worm (D:3)
  2 dart slugs (D:2)
  A leopard gecko (D:1)
  9 orcs
  3 bats
  4 giant cockroaches
  9 goblins
  5 hobgoblins
  9 jackals
  2 quokkas (D:2)
  6 frilled lizards
  7 kobolds
  7 rats
74 creatures vanquished.

Notes
Turn   | Place    | Note
-------+----------+-------------------------------------------
     0 | D:1      | grindst0ne the Human Artificer began the quest for the Orb.
     0 | D:1      | Reached XP level 1. HP: 15/15 MP: 3/3
    68 | D:1      | Reached skill level 2 in Fighting
    68 | D:1      | Reached XP level 2. HP: 13/22 MP: 4/4
   578 | D:1      | Reached XP level 3. HP: 24/28 MP: 5/5
   714 | D:1      | Reached skill level 3 in Fighting
  1052 | D:2      | Found a glowing silver altar of Zin.
  1054 | D:2      | Noticed an angel
  1054 | D:2      | Found a shimmering altar of Xom.
  1112 | D:2      | Found an opulent altar of Gozag.
  1173 | D:2      | Reached XP level 4. HP: 35/35 MP: 6/6
  1526 | D:2      | Reached skill level 4 in Fighting
  1724 | D:2      | Found an iron altar of Okawaru.
  2059 | D:3      | Reached XP level 5. HP: 32/43 MP: 7/7
  2470 | D:3      | Found a burning altar of Makhleb.
  2470 | D:3      | Noticed a cacodemon
  2473 | D:3      | Noticed an orange demon
  2473 | D:3      | Noticed a hellwing
  2546 | D:3      | Noticed Goblin1989's ghost (amateur DsCK)
  2785 | D:2      | Became a worshipper of Warmaster Okawaru
  3159 | D:4      | Noticed a bullfrog
  3185 | D:4      | Killed a bullfrog
  3185 | D:4      | Reached skill level 5 in Fighting
  3185 | D:4      | Reached XP level 6. HP: 23/51 MP: 8/8
  3202 | D:4      | Killed from afar by an orc priest

Vault maps used:
D:1:      minmay_arrival_hallway
D:2:      grunt_temple_overflow_order_and_chaos_1,
          nicolae_gozag_cash_rules_everything_around_me,
          nicolae_overflow_hidden_temple
D:3:      makhleb_altar_promises_db
D:4:      temple_doors_e, first_ration

Skill      XL: |  1  2  3  4  5 |
---------------+----------------+-----
Fighting       | 2 3 4 5 |  5.6
Short Blades   | |  1.0
Dodging        | |  2.0
Stealth        | |  1.0
Evocations     | |  3.0

Action                   |  1- 3 |  4- 6 || total
-------------------------+-------+-------++-------
Melee: Short sword       |   120 |       ||   120
       Long sword        |    18 |   188 ||   206
  Use: Scroll            |       |     5 ||     5
       Potion            |       |     2 ||     2
  Eat: Chunk             |     1 |     4 ||     5
       Ration            |       |     1 ||     1
Armor: Leather armour    |     5 |       ||     5
       Ring mail         |    69 |    85 ||   154
Dodge: Dodged            |   103 |   135 ||   238
Block: Other             |       |     5 ||     5
       Rpst.: Long sword |     4 |    48 ||    52

Table legend:
 A = Spawn XP
 B = Non-spawn XP
 C = Spawn XP percentage of total XP
 D = Spawn monster count
 E = Non-spawn monster count
 F = Spawn count percentage of total count
 G = Total turns spent on level
                    A         B        C        D         E        F      G
               +---------+---------+-------+---------+---------+-------+---------
         Total |       0 |     299 |   0.0 |       0 |      74 |   0.0 |  3202
               +---------+---------+-------+---------+---------+-------+---------
           D:1 |       0 |      50 |   0.0 |       0 |      23 |   0.0 |   931
           D:2 |       0 |      77 |   0.0 |       0 |      26 |   0.0 |  1208
           D:3 |       0 |      73 |   0.0 |       0 |      20 |   0.0 |  1003
           D:4 |       0 |      99 |   0.0 |       0 |       5 |   0.0 |    60
               +---------+---------+-------+---------+---------+-------+---------
